Map: Romanticide LE

Players

LiquidClem (Clem)

  • Race: Terran Terran
  • League: Grandmaster
  • Spawn Location: 5:00

Serral - Winner!

  • Race: Zerg Zerg
  • League: Master
  • Spawn Location: 11:00

Event: DreamHack SC2 Masters 2020 Winter

VOD

Have the link to the VOD?

Description

Time

  • Played on: Nov. 8, 2020, 1:32 p.m.
  • Length: 20:57

All games in this series

Show
View Real Time Build Order
Export as new Build Order

LiquidClem Terran 

Build Orders: Reaper Expand 

Get SALT Encoding   

  12  0:00  SCV  
  13  0:12  SCV  
  14  0:17  Supply Depot  
  14  0:24  SCV  
  15  0:38  SCV  
  15  0:39  Barracks  
  16  0:43  Refinery  
  16  0:50  SCV  
  17  1:02  SCV  
  18  1:14  SCV  
  19  1:27  Reaper, Orbital Command  
  20  1:39  Command Center  
  20  1:49  Supply Depot  
  20  1:53  SCV  
  21  1:59  Marine  
  22  2:05  SCV  
  23  2:12  Factory  
  23  2:17  SCV  
  23  2:21  Barracks Reactor  
  24  2:29  SCV  
  25  2:37  Command Center  
  25  2:42  SCV  
  25  2:51  Orbital Command  
  26  2:57  Barracks  
  26  2:58  SCV  
  26  3:03  Barracks Tech Lab  
  27  3:11  SCV  
  30  3:13  Hellion x2  
  30  3:17  SCV  
  33  3:22  Stimpack  
  33  3:24  Refinery, Marine  
  34  3:27  SCV  
  34  3:29  SCV  
  36  3:39  SCV  
  37  3:41  SCV  
  37  3:42  Marine  
  37  3:47  Refinery, Starport  
  39  3:49  Orbital Command  
  39  3:51  SCV  
  39  3:52  Marine x2  
  42  3:55  SCV  
  42  3:58  Factory Reactor  
  42  4:00  Marine  
  44  4:05  SCV  
  44  4:08  SCV  
  44  4:09  Supply Depot  
  46  4:11  Marine x2  
  46  4:15  SCV  
  49  4:17  SCV  
  49  4:18  Marine  
  49  4:20  SCV  
  52  4:27  SCV  
  52  4:29  SCV, Marine x2  
  56  4:32  SCV, Supply Depot  
  56  4:36  Marine  
  56  4:37  Factory  
  58  4:39  Armory  
  58  4:43  SCV, Factory Reactor  
  58  4:44  SCV  
  61  4:46  Medivac  
  61  4:47  Orbital Command  
  61  4:52  Refinery  
  62  4:53  Barracks  
  62  4:55  SCV, Marine  
  62  4:58  Medivac  
  62  4:59  Marine x2  
  68  5:06  SCV  
  65  5:13  Marine  
  58  5:17  Marine x2  
  53  5:22  Factory Tech Lab  
  53  5:25  SCV x2  
  53  5:27  SCV  
  53  5:30  Widow Mine x2  
  53  5:31  Marine  
  53  5:34  Marine  
  59  5:37  SCV  
  59  5:38  SCV, Engineering Bay  
  59  5:39  Combat Shield, Engineering Bay  
  59  5:41  Drilling Claws  
  61  5:43  Barracks Reactor  
  61  5:45  Marine  
  61  5:47  SCV  
  61  5:49  SCV  
  64  5:50  SCV  
  64  5:54  Marine  
  64  5:56  Supply Depot  
  70  5:57  Widow Mine x2  
  70  5:59  Medivac  
  70  6:00  SCV  
  70  6:01  Marine  
  70  6:02  SCV  
  70  6:04  SCV  
  76  6:08  Terran Infantry Weapons Level 1  
  76  6:09  Marine  
  77  6:14  Supply Depot  
  77  6:18  SCV x2, Supply Depot  
  79  6:19  Terran Infantry Armor Level 1  
  79  6:20  Supply Depot  
  79  6:21  Widow Mine  
  79  6:22  Widow Mine  
  83  6:26  SCV  
  83  6:30  SCV  
  85  6:35  SCV, Medivac, Marine  
  85  6:36  Marine  
  85  6:39  SCV  
  91  6:40  Supply Depot, Marine x2  
  91  6:42  SCV  
  91  6:43  Medivac, Widow Mine, Supply Depot  
  91  6:46  Widow Mine  
  100  6:49  SCV  
  100  6:51  SCV  
  102  6:54  SCV  
  102  6:56  Barracks x2  
  102  6:57  Widow Mine  
  105  7:04  Marine, Widow Mine  
  105  7:05  Supply Depot, Marine  
  105  7:07  Marine  
  105  7:08  Widow Mine  
  112  7:15  Marine x2  
  107  7:16  SCV  
  107  7:18  Medivac x2  
  115  7:24  Supply Depot, Marine, Siege Tank  
  115  7:25  Marine  
  115  7:26  Widow Mine  
  115  7:27  SCV x2  
  115  7:28  SCV, Refinery  
  115  7:29  Bunker  
  123  7:31  Marine  
  123  7:34  Bunker, Marine  
  127  7:37  Widow Mine  
  127  7:38  Marauder  
  127  7:42  Marine  
  128  7:44  Bunker, Barracks Tech Lab  
  128  7:45  Barracks Tech Lab  
  128  7:47  Supply Depot, Marine  
  128  7:51  Marine  
  127  7:54  Medivac, Marine  
  127  7:56  Siege Tank  
  127  7:57  SCV x2  
  130  7:58  SCV  
  130  7:59  Marauder  
  130  8:00  Marine  
  130  8:04  Marine  
  130  8:05  Concussive Shells  
  135  8:06  Marauder  
  135  8:07  Supply Depot  
  135  8:08  Marauder  
  135  8:10  SCV  
  138  8:20  Marauder  
  138  8:22  Marine  
  138  8:26  Supply Depot  
  139  8:31  Supply Depot  
  139  8:32  Marine, Siege Tank  
  140  8:35  Supply Depot, Command Center  
  140  8:37  Refinery  
  140  8:41  Marine  
  140  8:47  Terran Infantry Weapons Level 2  
  149  8:48  Marauder x2, Widow Mine x2  
  149  8:51  Supply Depot  
  149  8:52  SCV x2  
  149  8:53  Terran Infantry Armor Level 2, Marauder  
  153  8:57  Marine  
  152  9:03  Marine  
  152  9:05  Supply Depot, Widow Mine  
  152  9:09  Medivac x2, Marine x2  
  165  9:10  Marauder, Widow Mine x2  
  165  9:11  Marine  
  158  9:19  Supply Depot, Marine  
  158  9:20  Marauder  
  158  9:21  Marine  
  160  9:27  Marine  
  160  9:28  Widow Mine  
  160  9:31  Marauder, Marine, Widow Mine x2  
  172  9:37  Terran Vehicle And Ship Armor Level 1  
  172  9:39  SCV, Medivac, Marine  
  172  9:43  Supply Depot x2  
  172  9:50  Widow Mine  
  172  9:52  Marine, Widow Mine x2  
  172  9:53  Marine  
  172  9:59  Sensor Tower  
  174  10:02  Supply Depot  
  174  10:03  Marine  
  174  10:04  Marauder, Marine, Sensor Tower  
  174  10:05  Bunker, Marine  
  174  10:06  Marauder  
  181  10:09  Medivac  
  181  10:10  Marine  
  181  10:11  Widow Mine, Marine  
  185  10:14  Widow Mine  
  185  10:15  Planetary Fortress  
  185  10:17  SCV  
  186  10:22  SCV  
  186  10:23  Marauder  
  186  10:24  Marine x2  
  186  10:25  Marauder  
  186  10:27  Marine  
  186  10:28  Marine  
  193  10:36  Siege Tank  
  193  10:40  SCV x2  
  193  10:42  Command Center  
  195  10:45  Marauder x2  
  197  10:57  Widow Mine  
  197  10:58  Marauder, Marine  
  197  11:02  Marine  
  199  11:08  Widow Mine  
  199  11:09  Command Center  
  193  11:11  Command Center  
  193  11:12  Marauder  
  193  11:13  Marauder, Marine  
  193  11:14  Missile Turret x2  
  193  11:17  SCV x2  
  197  11:20  Missile Turret, Marine  
  197  11:21  Marauder  
  197  11:23  Missile Turret  
  195  11:26  Widow Mine  
  195  11:31  SCV  
  198  11:34  Marauder  
  198  11:36  Widow Mine  
  198  11:39  Widow Mine  
  194  11:45  Medivac  
  194  11:46  SCV  
  184  11:47  Marine  
  184  11:48  Marauder, Marine, Widow Mine  
  184  11:50  Marauder  
  191  11:55  Marauder, Marine x2  
  188  12:02  Command Center  
  188  12:04  Widow Mine  
  188  12:05  Marine x2  
  188  12:08  SCV  
  185  12:10  Missile Turret  
  185  12:12  Marine x2  
  185  12:15  SCV  
  157  12:18  SCV, Missile Turret  
  157  12:20  SCV  
  156  12:24  SCV  
  156  12:26  Marauder  
  156  12:27  Marine  
  156  12:29  SCV  
  161  12:32  SCV, Marauder  
  161  12:36  SCV  
  165  12:39  SCV  
  165  12:42  Widow Mine  
  165  12:43  Widow Mine  
  170  12:49  Widow Mine  
  171  12:53  Marauder  
  171  12:55  SCV, Marauder  
  171  12:57  Marauder  
  178  12:59  Missile Turret  
  178  13:05  SCV  
  177  13:07  Medivac x2, Widow Mine  
  177  13:08  Marine  
  177  13:10  Planetary Fortress  
  177  13:12  SCV, Marine  
  185  13:13  Marine  
  185  13:15  Orbital Command  
  185  13:19  Orbital Command  
  187  13:21  Widow Mine  
  189  13:28  Widow Mine  
  188  13:35  Marauder  
  188  13:40  Widow Mine, Barracks  
  185  13:41  Medivac  
  185  13:42  Barracks x2  
  185  13:44  Marauder x2  
  171  13:54  Medivac  
  171  13:55  Widow Mine  
  174  13:56  Marauder, Marine  
  174  13:57  Marine  
  176  14:06  Marauder x2  
  176  14:07  Marine  
  176  14:08  Marine  
  182  14:11  SCV x2  
  182  14:14  Widow Mine, Marine  
  187  14:18  Marauder  
  187  14:20  Widow Mine  
  187  14:22  Medivac  
  191  14:27  Marauder x2  
  184  14:32  Widow Mine, Liberator  
  184  14:38  Widow Mine  
  184  14:39  Marauder  
  184  14:41  Marine, Widow Mine  
  184  14:42  Marine x3  
  184  14:43  Barracks Reactor, Barracks Tech Lab x2  
  171  14:48  Marauder  
  171  14:49  Marauder  
  171  14:51  Terran Infantry Weapons Level 3  
  171  14:52  Medivac  
  174  14:53  Widow Mine  
  174  14:57  Terran Infantry Armor Level 3  
  174  14:59  Marine x2  
  173  15:01  Marauder  
  173  15:03  Marauder, Marine x3  
  181  15:07  SCV x3  
  181  15:08  SCV  
  185  15:17  Marauder  
  185  15:19  Liberator  
  185  15:20  Planetary Fortress, Marauder  
  188  15:22  Marauder x2  
  188  15:25  Widow Mine  
  188  15:26  Marauder  
  193  15:32  Widow Mine  
  186  15:38  Marauder  
  186  15:41  Marauder, Widow Mine  
  169  15:43  Marauder x2, Marine  
  169  15:47  Marauder  
  164  15:50  Liberator  
  164  15:51  Marine x2  
  164  16:00  SCV x2, Marauder  
  164  16:01  SCV  
  164  16:03  Marauder, Marine, Widow Mine  
  166  16:05  Marauder x2  
  166  16:07  Marine x2  
  166  16:09  Marauder  
  174  16:13  Medivac, Widow Mine x2  
  174  16:14  Marine x2  
  182  16:20  Marine  
  182  16:21  Marauder, Marine  
  182  16:24  Marauder, Widow Mine  
  184  16:26  Marauder, Marine  
  184  16:29  Marauder  
  184  16:32  Marine x2  
  183  16:33  Marauder  
  183  16:35  Widow Mine x2  
  185  16:46  Widow Mine  
  185  16:51  Marauder  
  171  16:56  Widow Mine  
  171  16:58  Marauder  
  171  17:03  Marauder, Marine x2  
  171  17:04  Medivac  
  171  17:05  Command Center, Marine x2  
  171  17:06  Missile Turret  
  171  17:07  Widow Mine  
  171  17:08  Marine x2  
  180  17:13  SCV x3  
  180  17:15  Refinery  
  183  17:16  Refinery  
  183  17:17  SCV, Marauder x2, Command Center  
  183  17:20  Marine  
  183  17:21  Marauder  
  183  17:22  Marine  
  173  17:23  SCV  
  173  17:25  Orbital Command  
  173  17:29  Marauder  
  162  17:30  Marine x2, Widow Mine  
  162  17:31  SCV x3, Marine x3  
  162  17:35  Refinery  
  162  17:36  Refinery  
  170  17:38  Marauder, Marine  
  170  17:40  Marauder, Widow Mine, Marine  
  170  17:43  Marine  
  171  17:52  SCV x2  
  171  17:53  Marauder  
  171  17:54  SCV  
  171  17:55  SCV  
  171  17:58  Widow Mine  
  171  17:59  Marauder, Marine  
  171  18:04  Marauder  
  176  18:06  SCV  
  176  18:10  Medivac, Refinery  
  176  18:12  Marauder  
  181  18:17  Medivac  
  181  18:20  Marauder  
  181  18:23  SCV x2  
  181  18:24  SCV x4  
  181  18:25  Marauder  
  189  18:31  Unknown, Marauder x2  
  191  18:40  Medivac  
  193  18:44  Planetary Fortress  
  179  18:48  Medivac  
  179  18:50  Marauder, Marine, Widow Mine x2  
  179  18:53  SCV  
  179  18:55  Widow Mine  
  189  19:00  Marauder x2  
  189  19:02  Marine x2  
  176  19:03  Marauder  
  176  19:04  Marauder, Marine  
  176  19:05  SCV x2  
  179  19:10  SCV x2  
  179  19:11  Widow Mine  
  179  19:12  Widow Mine  
  179  19:13  Medivac  
  179  19:14  Marine  
  186  19:21  Medivac  
  188  19:25  Starport  
  184  19:31  Missile Turret  
  184  19:36  Marauder, Marine x3, Widow Mine  
  190  19:43  Medivac, Widow Mine  
  194  19:46  Marauder  
  194  19:49  Marauder  
  194  19:50  Widow Mine  
  198  19:54  Marauder, Marine  
  198  19:56  Medivac  
  198  19:57  Marine x2  
  198  19:58  Marauder  
  197  20:00  Command Center  
  197  20:02  Marauder  
  195  20:11  Medivac, Widow Mine  
  196  20:24  Widow Mine  
  160  20:29  Widow Mine  
  160  20:32  Marauder, Marine x2  
  160  20:33  Marauder x2, Marine x6  
  160  20:35  Widow Mine  
Show
View Real Time Build Order
Export as new Build Order

Serral Zerg - Winner!

Build Orders: Hatch First 

Get SALT Encoding   

  12  0:00  Drone  
  13  0:12  Overlord  
  13  0:16  Drone  
  14  0:30  Drone x2  
  16  0:47  Hatchery  
  15  0:51  Drone  
  15  0:54  Drone  
  17  0:58  Drone  
  18  1:09  Extractor  
  17  1:12  Spawning Pool  
  17  1:16  Drone  
  17  1:19  Drone  
  18  1:28  Drone  
  19  1:38  Drone  
  20  1:49  Drone  
  21  1:59  Queen x2  
  21  2:00  Zergling x4  
  27  2:10  Overlord  
  27  2:11  Drone  
  28  2:22  Hatchery  
  27  2:28  Drone  
  27  2:29  Drone  
  29  2:36  Drone  
  29  2:37  Drone  
  30  2:43  Queen  
  32  2:45  Overlord  
  32  2:48  Drone  
  33  2:53  Drone x2  
  33  2:56  Metabolic Boost  
  35  3:05  Drone x2  
  37  3:07  Drone  
  37  3:08  Drone  
  37  3:09  Drone  
  40  3:14  Roach Warren  
  40  3:16  Drone  
  40  3:18  Drone  
  41  3:24  Queen, Extractor  
  42  3:29  Drone  
  42  3:32  Overlord  
  43  3:34  Drone  
  43  3:38  Drone  
  43  3:39  Overlord  
  45  3:41  Drone  
  45  3:42  Drone  
  47  3:53  Roach x2  
  47  3:54  Roach x2  
  55  3:56  Roach  
  55  3:58  Roach  
  55  4:01  Overlord  
  59  4:03  Drone  
  59  4:09  Drone  
  62  4:10  Drone  
  62  4:12  Overlord  
  62  4:13  Zergling x2  
  63  4:17  Ravager  
  63  4:18  Zergling x2  
  63  4:19  Drone x2  
  63  4:22  Overlord  
  67  4:26  Overlord  
  67  4:27  Drone  
  68  4:32  Queen, Drone x2  
  68  4:36  Zergling x4  
  68  4:37  Drone  
  75  4:39  Ravager x2  
  77  4:48  Drone x2  
  77  4:49  Drone x2  
  77  4:51  Drone x2  
  83  4:53  Drone  
  83  4:54  Drone  
  83  4:56  Overlord  
  83  4:57  Lair  
  85  5:02  Drone x2  
  85  5:06  Drone  
  88  5:09  Drone  
  88  5:10  Drone  
  88  5:11  Drone  
  85  5:15  Drone  
  85  5:17  Drone  
  85  5:20  Drone  
  83  5:21  Drone x2  
  83  5:25  Drone x2  
  83  5:28  Extractor  
  77  5:29  Zergling x2  
  77  5:30  Zergling x2, Extractor  
  78  5:35  Extractor  
  78  5:36  Hatchery, Roach x2, Extractor  
  78  5:38  Roach  
  78  5:42  Roach x2  
  85  5:44  Spore Crawler  
  84  5:53  Roach, Drone  
  84  5:54  Drone  
  88  6:00  Drone  
  88  6:01  Drone x5, Baneling Nest  
  88  6:02  Evolution Chamber, Overseer  
  92  6:05  Roach, Evolution Chamber  
  92  6:06  Zergling x4, Roach  
  92  6:10  Ravager x3  
  100  6:12  Zergling x4  
  102  6:18  Overlord  
  102  6:20  Zergling x2  
  102  6:24  Drone  
  104  6:26  Zergling x4  
  104  6:28  Overlord  
  104  6:32  Zerg Missile Weapons Level 1, Overlord, Zerg Ground Armor Level 1  
  106  6:38  Spore Crawler  
  105  6:40  Spore Crawler  
  105  6:41  Roach  
  105  6:44  Centrifical Hooks  
  105  6:46  Overlord x3  
  106  6:51  Roach x6  
  106  6:52  Queen  
  120  6:58  Overlord x2  
  120  7:03  Roach x4  
  127  7:20  Roach x9  
  145  7:24  Overlord x2  
  145  7:27  Overseer  
  145  7:31  Overseer  
  145  7:35  Roach  
  145  7:36  Roach x4  
  155  7:41  Ravager x3  
  155  7:42  Ravager  
  151  7:49  Roach x4  
  153  8:03  Baneling x5  
  153  8:04  Baneling x4  
  153  8:05  Zergling x14  
  160  8:12  Glial Reconstitution  
  160  8:22  Drone x8  
  160  8:24  Drone x2  
  170  8:29  Zerg Melee Weapons Level 1  
  170  8:37  Overlord  
  170  8:39  Drone x6  
  176  8:46  Baneling  
  176  8:47  Overlord, Baneling x6  
  176  8:49  Drone  
  176  8:52  Spore Crawler  
  176  8:53  Overlord  
  176  8:59  Drone x3  
  176  9:02  Drone x3  
  176  9:05  Infestation Pit  
  176  9:07  Zerg Ground Armor Level 2  
  176  9:08  Drone  
  170  9:10  Drone  
  170  9:14  Overseer  
  170  9:16  Drone x3  
  170  9:19  Drone x3  
  170  9:24  Zergling x2, Ravager x2  
  175  9:25  Zergling x8  
  175  9:28  Burrow  
  175  9:31  Tunneling Claws  
  180  9:34  Drone  
  181  9:40  Baneling x6  
  181  9:42  Zergling x8, Ravager  
  186  9:48  Zergling x12  
  191  9:54  Hive  
  191  9:55  Hatchery  
  189  10:01  Ravager x3  
  189  10:02  Zergling x14  
  194  10:15  Drone x5  
  194  10:16  Drone  
  200  10:24  Overlord  
  200  10:25  Overlord  
  200  10:27  Overlord  
  198  10:46  Zergling x4  
  198  10:48  Baneling x12  
  200  10:55  Roach x4  
  200  10:56  Zergling x26  
  199  10:59  Roach  
  199  11:00  Roach, Drone x12  
  199  11:01  Roach x3  
  199  11:02  Spine Crawler  
  199  11:12  Zergling x2, Roach x5  
  199  11:18  Baneling x10  
  199  11:23  Zergling x16  
  199  11:28  Zerg Ground Armor Level 3, Zerg Melee Weapons Level 2  
  199  11:29  Adrenal Glands, Ultralisk Cavern  
  199  11:32  Roach x6  
  198  11:33  Roach x3  
  198  11:34  Roach  
  198  11:36  Roach x3  
  190  11:41  Zergling x30  
  190  11:43  Zergling x2  
  190  11:44  Zergling x10  
  199  11:50  Spore Crawler  
  195  11:58  Viper x2  
  195  12:00  Zergling x14  
  200  12:05  Baneling x7  
  165  12:15  Zergling x2  
  165  12:16  Zergling x32, Roach x2  
  165  12:19  Baneling x2  
  165  12:20  Chitinous Plating  
  179  12:23  Zergling x10  
  184  12:33  Drone  
  177  12:37  Drone  
  177  12:40  Hatchery, Ultralisk  
  183  12:47  Zergling x22, Ultralisk  
  199  13:00  Zergling x6  
  200  13:07  Baneling x4  
  200  13:08  Baneling x10  
  200  13:25  Spine Crawler  
  200  13:27  Baneling x8  
  189  13:38  Anabolic Synthesis  
  174  13:45  Zergling x20  
  174  13:46  Zergling x24  
  188  13:48  Zergling x20, Ultralisk  
  188  13:55  Zergling x8  
  195  14:07  Baneling x8  
  195  14:08  Baneling x2  
  195  14:10  Overseer x2  
  195  14:14  Baneling x9  
  195  14:15  Drone x2, Extractor  
  195  14:16  Drone, Extractor  
  196  14:17  Drone x3  
  196  14:23  Zergling x2  
  200  14:25  Baneling x7  
  183  14:31  Drone x7  
  188  14:40  Zergling x24  
  188  14:41  Zergling x8  
  196  14:49  Zergling x6  
  196  14:51  Zerg Melee Weapons Level 3  
  192  15:02  Zergling x20  
  192  15:05  Pneumatized Carapace  
  200  15:13  Baneling x10  
  200  15:17  Zergling x2  
  200  15:18  Zergling x2  
  199  15:22  Zergling x2  
  199  15:23  Baneling x3  
  199  15:26  Hatchery  
  197  15:34  Zergling x26  
  199  15:38  Zergling x22  
  189  16:02  Zergling x12  
  189  16:03  Baneling x9  
  189  16:04  Baneling x4  
  187  16:07  Ultralisk x2  
  187  16:09  Baneling x8  
  199  16:13  Overseer  
  199  16:14  Baneling x9  
  196  16:22  Zergling x18  
  198  16:32  Zergling x12  
  195  16:40  Zergling x2  
  195  16:41  Zergling x8  
  198  16:52  Zergling x24  
  198  16:53  Zergling x6  
  191  17:08  Drone x2  
  191  17:09  Drone  
  191  17:11  Baneling x6  
  191  17:12  Zergling x14, Baneling x4  
  199  17:17  Hatchery  
  199  17:20  Zergling x14  
  181  17:32  Baneling  
  181  17:33  Ultralisk x3  
  182  17:55  Zergling x26, Ultralisk x2  
  197  18:02  Overseer  
  197  18:03  Overlord x2  
  190  18:07  Baneling x3  
  190  18:08  Overseer  
  190  18:11  Drone x3, Baneling x2  
  193  18:14  Zergling x2  
  193  18:15  Zergling x2  
  193  18:17  Baneling x3  
  190  18:23  Baneling x9  
  190  18:25  Zergling x20  
  197  18:30  Baneling x3  
  195  18:37  Baneling x2  
  195  18:38  Baneling x2  
  193  18:46  Zergling x2  
  193  18:47  Zergling x30  
  195  18:58  Zergling x2  
  195  18:59  Zergling x20  
  194  19:07  Zergling x14  
  190  19:10  Infestor x2  
  190  19:14  Baneling x14  
  190  19:15  Zergling x6  
  185  19:22  Drone x3  
  188  19:25  Zergling x4, Ultralisk  
  188  19:28  Overseer  
  193  19:32  Zergling x12  
  193  19:33  Baneling x4  
  193  19:34  Baneling x2  
  193  19:36  Baneling x2  
  198  19:39  Drone  
  198  19:41  Spore Crawler  
  198  19:46  Spore Crawler  
  198  19:49  Infestor  
  193  19:57  Spore Crawler  
  191  20:01  Zergling x16  
  194  20:14  Baneling x8  
  194  20:18  Zergling x2  
  194  20:19  Zergling x8  
  186  20:28  Zergling x22  
  186  20:29  Zergling x6  
  186  20:39  Zergling x8  
Tags
 
Add a new tag
Caveats
  • Supply blocks, unpowered buildings, or Contaminate may cause inaccurate times.
  • Supply counts are checked every 10 seconds.